 Dungeon Crawl Stone Soup version 0.27-a0-203-gd48b2df3c9 (webtiles) character file.

Game seed: 3260022274245093746

385 jasper the Changer (level 6, 0/29 HPs)
             Began as a Spriggan Earth Elementalist on Jan 30, 2021.
             Was an Initiate of Ashenzari.
             Shot with an arrow by a centaur (9 damage)
             ... on level 5 of the Dungeon.
             The game lasted 00:10:47 (5265 turns).

jasper the Changer (Spriggan Earth Elementalist)    Turns: 5265, Time: 00:10:48

Health: 0/29       AC:  4    Str:  4    XL:     6   Next: 48%
Magic:  7/13       EV: 18    Int: 19    God:    Ashenzari [......]
Gold:   103        SH:  0    Dex: 16    Spells: 3/13 levels left

rFire    . . .     SeeInvis +   (weapon restricted)
rCold    . . .     Faith    .   (shield restricted)
rNeg     . . .     Spirit   .   c - +2 robe (curse)
rPois    .         Reflect  .   (helmet restricted)
rElec    .         Harm     .   (no cloak)
rCorr    .         Rampage  .   (gloves unavailable)
Will     +....                  (boots unavailable)
Stlth    +++.......             (no amulet)
HPRegen  0.09/turn              h - ring of wizardry (curse)
MPRegen  0.13/turn              (no ring)

@: very quick
A: very small, unfitting armour, see invisible, speed 3
a: Renounce Religion, Curse Item


You were on level 5 of the Dungeon.
You worshipped Ashenzari.
Ashenzari was noncommittal.
You visited 2 branches of the dungeon, and saw 6 of its levels.

You collected 103 gold pieces.

Inventory:

Hand Weapons
 m - a +1 trident
Missiles
 b - 5 stones
 d - 17 poisoned darts
 e - 20 arrows
 o - 98 bolts
Armour
 c - a cursed +2 robe (worn)
Jewellery
 h - a cursed ring of wizardry (left hand)
Wands
 k - a wand of polymorph (6)
Scrolls
 a - a scroll of remove curse
 g - 3 scrolls of teleportation
 j - a scroll of noise
Potions
 f - a potion of might
 i - a potion of flight
 l - a potion of brilliance {unknown}
 p - a potion of cancellation {unknown}
 q - 3 potions of mutation {unknown}
 r - a potion of berserk rage {unknown}


   Skills:
 - Level 0.6 Fighting
 - Level 3.3 Dodging
 + Level 5.0 Stealth
 + Level 1.4 Shields
 - Level 0.5 Unarmed Combat
 + Level 4.1 Spellcasting
 * Level 5.2 Transmutations
 + Level 3.4 Earth Magic


You had 3 spell levels left.
You knew the following spells:

 Your Spells              Type           Power        Failure   Level
a - Sandblast             Erth           34%          1%          1
b - Stone Arrow           Conj/Erth      20%          9%          3
c - Passwall              Tmut/Erth      16%          1%          2
d - Petrify               Tmut/Erth      20%          9%          4

Your spell library contained the following spells:

 Spells                   Type           Power        Failure   Level
 Lee's Rapid Deconstruct  Erth           8%           32%         5


Dungeon Overview and Level Annotations

Branches:
Dungeon (5/15)             Temple (1/1) D:4

Altars:
Ashenzari
Cheibriados
Dithmenos
Elyvilon
Fedhas
Hepliaklqana
Kikubaaqudgha
Makhleb
Nemelex Xobeh
Okawaru
Qazlal
Ru
Sif Muna
Trog
Uskayaw
Wu Jian
Xom
Yredelemnul
Zin
The Shining One

Annotations:
D:3 2 transporters, Grinder; canine's ghost, amateur PaMo


Innate Abilities, Weirdness & Mutations

You are very small and have problems with some larger weapons.
You are too small for most types of armour.
You have supernaturally acute eyesight. (SInv)
You cover ground extremely quickly.


Message History

The centaur barely misses you.
The centaur hits you but does no damage.
You now have 8/13 mp.
Aiming: Sandblast (safe; 1% risk of failure)
Press: ? - help, Q - select action, (/) - cycle Shift-Dir - straight line, f/p - centaur
Aim: a centaur, quivering arrows (lightly wounded, 13% to evade)
The blast of sand misses the centaur.
The blast of sand hits the iguana but does no damage.
The centaur closely misses you.
You now have 7/13 mp.
Aiming: Sandblast (safe; 1% risk of failure)
Press: ? - help, Q - select action, (/) - cycle Shift-Dir - straight line, f/p - centaur
Aim: a centaur, quivering arrows (lightly wounded, 13% to evade)
The blast of sand hits the centaur but does no damage.
The centaur is lightly wounded.
The centaur misses you. x2; The iguana bites you!
You take 10 damage, and have 9/29 hp.
MASSIVE DAMAGE!!
You now have 6/13 mp.
The centaur wields a +0 shortbow.
The centaur shoots an arrow.
The arrow hits you!
You die...

## . . .# . ###.
.# ##.. .#
#..####.#
########.......#
...............#
.......@#...<..#
......#.#......#
....? #cl......#
....
............ .."
..###......###
.. .# #......# .
.< #......# ..
#......# ..
#####


You could see a centaur and an iguana.

Vanquished Creatures
  Duvessa (D:4)
  Dowan (D:4)
  3 orc priests (D:4)
  3 adders
  An ooze (D:2)
  2 worms
  4 dart slugs
  2 leopard geckos
  7 orcs
  A ball python (D:3)
  9 bats
  8 giant cockroaches
  11 hobgoblins
  2 jackals (D:3)
  6 kobolds
  2 quokkas
  8 frilled lizards
  5 goblins
  7 rats
83 creatures vanquished.

Vanquished Creatures (others)
  8 plants
8 creatures vanquished.

Grand Total: 91 creatures vanquished

Notes
Turn   | Place    | Note
-------+----------+-------------------------------------------
     0 | D:1      | jasper the Spriggan Earth Elementalist began the quest for
                  | the Orb.
     0 | D:1      | Reached XP level 1. HP: 9/9 MP: 5/5
   159 | D:1      | Reached XP level 2. HP: 13/13 MP: 4/6
   688 | D:1      | Reached XP level 3. HP: 17/17 MP: 4/8
   960 | D:2      | Learned a level 3 spell: Stone Arrow
  1023 | D:2      | Found a hazy altar of Hepliaklqana.
  1023 | D:2      | Noticed Terence
  1381 | D:3      | Noticed Grinder
  1418 | D:3      | Found a transporter.
  1564 | D:3      | Found a transporter.
  2554 | D:2      | Reached XP level 4. HP: 13/21 MP: 0/9
  2557 | D:2      | Learned a level 2 spell: Passwall
  2678 | D:2      | Noticed Terence
  2678 | D:2      | Terence changed into Terence the ooze
  2679 | D:2      | Killed Terence the ooze
  2719 | D:2      | Found a glowing golden altar of the Shining One.
  3089 | D:2      | Found a blossoming altar of Fedhas.
  3293 | D:2      | Found a burning altar of Makhleb.
  3293 | D:2      | Noticed a green death
  3296 | D:2      | Noticed a ynoxinul
  3296 | D:2      | Noticed a neqoxec
  3454 | D:3      | Noticed canine's ghost (amateur PaMo)
  3843 | D:4      | Found a glowing silver altar of Zin.
  3843 | D:4      | Found a hide-covered altar of Uskayaw.
  3843 | D:4      | Found a sacrificial altar of Ru.
  3908 | D:4      | Found a staircase to the Ecumenical Temple.
  3920 | Temple   | Entered the Ecumenical Temple
  4028 | Temple   | Became a worshipper of Ashenzari the Shackled
  4091 | D:4      | Noticed Duvessa
  4091 | D:4      | Noticed Dowan
  4115 | D:4      | Killed Duvessa
  4116 | D:4      | Reached skill level 1 in Shields
  4116 | D:4      | Reached XP level 5. HP: 18/25 MP: 5/11
  4266 | D:4      | Killed Dowan
  4267 | D:4      | Reached XP level 6. HP: 29/29 MP: 8/12
  4279 | D:4      | Learned a level 4 spell: Petrify
  4772 | D:4      | Reached skill level 5 in Transmutations
  4878 | D:4      | Reached skill level 5 in Stealth
  5251 | D:5      | Entered Level 5 of the Dungeon
  5265 | D:5      | Shot with an arrow by a centaur

Illustrated notes

Levels and vault maps discovered:
D:1:      dpeg_arrival_court, layout_loops_ring, serial_forest,
          infiniplex_forest_clump_tiny, infiniplex_forest_clump_small,
          infiniplex_forest_clump_curved, infiniplex_forest_clump_small,
          infiniplex_forest_clump_small, infiniplex_forest_end_1,
          infiniplex_forest_clump_double, infiniplex_forest_end_2,
          infiniplex_forest_end_2, infiniplex_forest_lined_corner
D:2:      layout_rooms, makhleb_altar_promises_db, lemuel_crystal_altar,
          tso_oasis_becter, fedhas_altar_4, uniq_terence
D:3:      layout_basic, gammafunk_ghost_arena, gup_sewer_entry_bubbles,
          uniq_crazy_yiuf_cottage, uniq_grinder
D:4:      layout_basic, gammafunk_temple_overflow_forgotten,
          minmay_temple_entry_trees, uniq_duvessa
D:5:      layout_rooms, kennysheep_mini
Temple:   dshaligram_water_room_temple

Skill      XL: |  1  2  3  4  5  6 |
---------------+-------------------+-----
Transmutations | 2 3 4 5 |  5.2
Spellcasting   | 3 4 |  4.1
Earth Magic    | 3 |  3.4
Stealth        | 4 5 |  5.0
Shields        | 1 |  1.4
Fighting       | |  0.6
Dodging        | |  3.3
Unarmed Combat | |  0.5

Action                   |  1- 3 |  4- 6 || total
-------------------------+-------+-------++-------
Melee: Unarmed           |   105 |    64 ||   169
       Punch             |     1 |       ||     1
 Cast: Sandblast         |    39 |    38 ||    77
       Stone Arrow       |    22 |    25 ||    47
Invok: Curse Item        |       |     2 ||     2
Evoke: Wand              |       |     3 ||     3
  Use: Scroll            |     5 |     8 ||    13
       Potion            |     1 |     2 ||     3
Armor: Robe              |    19 |     9 ||    28
       Skin              |       |    21 ||    21
Dodge: Dodged            |   118 |    80 ||   198

Table legend: (Time is in decaauts)
 A = Elapsed time spent in this place.
 B = Non-inter-level travel time spent in this place.
 C = Inter-level travel time spent in this place.
 D = Time resting spent in this place.
 E = Time spent auto-exploring this place.
 F = Levels seen in this place.
 G = Mean time per level.
                   A        B        C        D        E       F      G
               +--------+--------+--------+--------+--------+-----+--------+
         Total |   4287 |   4146 |    141 |    970 |   2406 |   6 |  714.5 |
       Dungeon |   4209 |   4077 |    132 |    970 |   2363 |   5 |  841.8 |
        Temple |     78 |     69 |      9 |      0 |     43 |   1 |   78.0 |
               +--------+--------+--------+--------+--------+-----+--------+

Top non-repeatable levels by time:
     D:1: 1451 daAuts
     D:4: 1040 daAuts
     D:3: 858 daAuts
     D:2: 847 daAuts
  Temple: 78 daAuts
     D:5: 11 daAuts
